 Dungeon Crawl Stone Soup version 0.26.0-16-gc1dbca0489 (webtiles) character file.

Game seed: 10900902306533096811

2539 littlecub the Fighter (level 9, -1/75 HPs)
             Began as a Demonspawn Fighter on Jan 20, 2021.
             Was a Believer of Okawaru.
             Slain by a warg (9 damage)
             ... on level 7 of the Dungeon.
             The game lasted 00:10:26 (6812 turns).

littlecub the Fighter (Demonspawn Fighter)          Turns: 6812, Time: 00:10:26

Health: -1/75      AC: 13    Str: 19    XL:     9   Next: 30%
Magic:  11/11      EV:  7    Int: 10    God:    Okawaru [**....]
Gold:   369        SH: 10    Dex: 13    Spells: 8/8 levels left

rFire    . . .     SeeInvis .   l - +0 whip
rCold    . . .     Faith    .   c - +1 kite shield
rNeg     . . .     Spirit   .   b - +0 scale mail
rPois    .         Reflect  .   (no helmet)
rElec    .         Harm     .   (no cloak)
rCorr    .         Rampage  .   (no gloves)
Will     .....                  (no boots)
Stlth    ..........             n - amulet of the acrobat
HPRegen  0.22/turn              f - +4 ring of protection
MPRegen  0.12/turn              J - ring of flight (curse)

@: no status effects
A: talons 2, thin metallic scales 1, foul stench 1, spiny 1, miasma immunity
a: Renounce Religion, Evoke Flight, Heroism


You were on level 7 of the Dungeon.
You worshipped Okawaru.
Okawaru was pleased with you.
You visited 2 branches of the dungeon, and saw 8 of its levels.
You also visited: Sewer.

You collected 369 gold pieces.

Inventory:

Hand Weapons
 l - a +0 whip (weapon)
Missiles
 s - 10 boomerangs
 v - 28 poisoned darts (quivered)
Armour
 b - a +0 scale mail (worn)
 c - a +1 kite shield (worn)
Jewellery
 f - a +4 ring of protection (left hand)
 n - an amulet of the acrobat (around neck)
 z - an uncursed ring of resist corrosion
 J - a cursed ring of flight (right hand)
Wands
 p - a wand of polymorph (13)
 q - a wand of enslavement (13)
 y - a wand of iceblast (4)
 A - a wand of flame (23)
 D - a wand of acid (6)
 G - a wand of disintegration (7)
Scrolls
 e - 5 scrolls of fog
 j - 3 scrolls of enchant weapon
 k - 3 scrolls of teleportation
 u - a scroll of magic mapping
 w - a scroll of amnesia {unknown}
 x - a scroll of remove curse
 B - a scroll of enchant armour
Potions
 a - 3 potions of attraction {unknown}
 d - 3 potions of might
 g - 2 potions of haste {unknown}
 h - 6 potions of heal wounds {unknown}
 i - 5 potions of curing
 m - 6 potions of brilliance {unknown}
 o - 2 potions of ambrosia {unknown}
 r - 3 potions of flight {unknown}
 t - a potion of resistance {unknown}
 C - a potion of mutation {unknown}
 F - a potion of degeneration {unknown}
 I - a potion of magic {unknown}


   Skills:
 * Level 8.4 Fighting
 * Level 7.3 Maces & Flails
 + Level 5.7 Armour
 - Level 2.6 Shields
 + Level 3.7 Invocations


You had 8 spell levels left.
You didn't know any spells.
Your spell library was empty.

Dungeon Overview and Level Annotations

Branches:
Dungeon (7/15)             Temple (1/1) D:5           Sewer (visited)

Altars:
Ashenzari
Cheibriados
Dithmenos
Elyvilon
Fedhas
Gozag
Hepliaklqana
Kikubaaqudgha
Makhleb
Okawaru
Qazlal
Ru
Sif Muna
Trog
Uskayaw
Vehumet
Wu Jian
Xom
Yredelemnul
Zin
The Shining One

Shops:
D:5 *   D:7 =

Annotations:
D:6 3 runed translucent doors, foggy's ghost, amateur TrBe


Innate Abilities, Weirdness & Mutations

You have razor-sharp toenails.
You are partially covered in thin metallic scales. (AC +2)
You may emit foul miasma when damaged in melee.
You are partially covered in sharp spines.
You are immune to miasma.


Message History

As you read the scroll of fear, it crumbles to dust.
You assume a fearsome visage.
The warg looks frightened!
The warg resists with some effort.
You block the warg's attack.
You feel better. The warg is struck by your spines. The warg bites you!
* * * LOW HITPOINT WARNING * * *
You feel better. You block the warg's attack.
The warg is struck by your spines. The warg closely misses you.
You hit the warg but do no damage.
The warg is severely wounded.
The warg barely misses you.
You hit the warg. You claw the warg, but do no damage.
The warg is severely wounded.
The warg barely misses you.
Your shield and scale mail prevent you from hitting the warg.
The warg is severely wounded.
You block the warg's attack.
You hit the warg but do no damage.
The warg is severely wounded.
The warg bites you!
You die...

≈≈≈≈≈≈≈≈≈≈. ≈≈≈≈≈≈≈≈≈
......$. ...... #....# ..
##....### ..... #...)...#
...... #..h....#
.......##..@....#
.#...........##.....
...........∩.# ....
.............##.....
_..................#
...................#
..........##.......
##........##...........#.#
..........##..............


You could see a warg (sick).

Vanquished Creatures
  Grinder (D:4)
  Menkaure (D:6)
  A warg (D:7)
  A water moccasin (D:6)
  A sky beast (D:5)
  2 ogres (D:5)
  2 big kobolds (Sewer)
  A gnoll sergeant (D:5)
  4 bullfrogs
  3 scorpions
  2 howler monkeys (D:5)
  6 wights
  A hound (D:6)
  A centaur skeleton (D:5)
  2 orc priests (D:7)
  2 orc wizards (D:7)
  Jessica (D:3)
  Natasha (thrice) (D:4)
  2 iguanas
  7 worker ants
  A hound skeleton (D:6)
  11 gnolls
  A river rat (D:4)
  6 adders
  A white imp (D:5)
  2 ufetubi (D:6)
  3 oozes
  An adder skeleton (D:6)
  A dart slug (D:3)
  4 leopard geckos
  9 orcs
  5 ball pythons
  7 giant cockroaches
  5 goblins
  5 hobgoblins (D:1)
  9 jackals
  20 kobolds
  3 quokkas
  7 bats
  11 frilled lizards
  3 leopard gecko skeletons
  3 quokka skeletons
  16 rats
178 creatures vanquished.

Vanquished Creatures (others)
  An orc (D:4)
  3 plants (D:5)
4 creatures vanquished.

Grand Total: 182 creatures vanquished

Notes
Turn   | Place    | Note
-------+----------+-------------------------------------------
     0 | D:1      | littlecub the Demonspawn Fighter began the quest for the
                  | Orb.
     0 | D:1      | Reached XP level 1. HP: 18/18 MP: 1/1
   244 | D:1      | Gained mutation: You have sharp toenails. [demonic
                  | ancestry]
   244 | D:1      | Reached XP level 2. HP: 20/24 MP: 2/2
   479 | D:1      | Gained mutation: You are partially covered in sharp spines.
                  | [demonic ancestry]
   479 | D:1      | Reached XP level 3. HP: 28/29 MP: 3/3
  1266 | D:2      | Reached XP level 4. HP: 37/37 MP: 4/4
  1402 | D:2      | Found a shimmering altar of Xom.
  1539 | D:3      | Reached skill level 4 in Fighting
  1803 | D:3      | Gained mutation: You have razor-sharp toenails. [demonic
                  | ancestry]
  1803 | D:3      | Reached XP level 5. HP: 38/43 MP: 5/5
  2084 | D:3      | Noticed Jessica
  2092 | D:3      | Killed Jessica
  2118 | D:3      | Found a shimmering blue altar of Sif Muna.
  2527 | D:4      | You fall into a shaft and drop 2 floors!
  2553 | D:6      | Reached XP level 6. HP: 32/50 MP: 6/6
  2555 | D:6      | Noticed Menkaure
  2572 | D:5      | Entered Level 5 of the Dungeon
  2775 | D:5      | Reached skill level 5 in Fighting
  3020 | D:4      | Found a glowing drain.
  3024 | Sewer    | Entered a sewer
  3442 | Sewer    | Gained mutation: You are partially covered in thin metallic
                  | scales. (AC +2) [demonic ancestry]
  3442 | Sewer    | Reached XP level 7. HP: 56/56 MP: 7/7
  3700 | D:4      | Noticed Grinder
  3701 | D:4      | Noticed Natasha
  3711 | D:4      | Killed Natasha
  3716 | D:4      | Killed Grinder
  3717 | D:4      | Reached skill level 6 in Fighting
  3717 | D:4      | Reached skill level 5 in Maces & Flails
  3863 | D:4      | Noticed Natasha
  3871 | D:4      | Killed Natasha
  4090 | D:4      | Found a glowing silver altar of Zin.
  4090 | D:4      | Found a bloodstained altar of Trog.
  4091 | D:4      | Found a hide-covered altar of Uskayaw.
  4287 | D:4      | Noticed Natasha
  4293 | D:4      | Killed Natasha
  4497 | D:5      | Gained mutation: You are immune to miasma. [demonic
                  | ancestry]
  4497 | D:5      | Reached XP level 8. HP: 65/65 MP: 8/8
  4827 | D:5      | Found a staircase to the Ecumenical Temple.
  4834 | Temple   | Entered the Ecumenical Temple
  4888 | Temple   | Became a worshipper of Warmaster Okawaru
  5093 | D:5      | Found Gozag's Platinum Reserve.
  5104 | D:5      | Found an opulent altar of Gozag.
  5199 | D:5      | Reached skill level 7 in Fighting
  5317 | D:5      | Reached skill level 1 in Invocations
  5353 | D:5      | Reached skill level 5 in Armour
  5668 | D:6      | Killed Menkaure
  5724 | D:6      | Reached * piety under Okawaru
  6064 | D:6      | Found a runed translucent gate.
  6064 | D:6      | Found a runed translucent gate.
  6064 | D:6      | Found a runed translucent gate.
  6129 | D:6      | Gained mutation: You may emit foul miasma when damaged in
                  | melee. [demonic ancestry]
  6129 | D:6      | Reached XP level 9. HP: 74/74 MP: 11/11
  6173 | D:6      | Reached skill level 8 in Fighting
  6475 | D:6      | Noticed foggy's ghost (amateur TrBe)
  6780 | D:7      | Found a hazy altar of Hepliaklqana.
  6780 | D:7      | Found Fidduj's Jewellery Shoppe.
  6800 | D:7      | Reached ** piety under Okawaru
  6804 | D:7      | HP: 2/75 [warg (6)]
  6812 | D:7      | Slain by a warg

Illustrated notes

Levels and vault maps discovered:
D:1:      ncdulo_lavacross, layout_basic, serial_glass, glass_columns_c,
          glass_columns_c, minmay_strange_pillars, item_on_display_a,
          feat_on_display
D:2:      layout_loops_ring, marbit_many_paths
D:3:      layout_loops_ring, tgw_sif
D:4:      layout_rooms, gammafunk_temple_overflow_claw, gup_sewer_entry_bowl,
          uniq_grinder, uniq_natasha
D:5:      layout_basic, nicolae_gozag_zags_fifth_avenue,
          minmay_temple_entry_overgrown, minmay_increasing_density
D:6:      layout_loops_ring, ebering_ghost_rock_garden, uniq_menkaure
D:7:      lemuel_castle_with_subvaults [lemuel_castle_interior_carwin_3],
          layout_basic, basic_altar, serial_shops, shop
Temple:   jpeg_temple_clearing

Skill      XL: |  1  2  3  4  5  6  7  8  9 |
---------------+----------------------------+-----
Maces & Flails | 2 3 4 5 6 7 |  7.3
Armour         | 3 4 5 |  5.7
Fighting       | 4 5 6 7 8 |  8.4
Invocations    | 3 |  3.7
Shields        | |  2.6

Action                   |  1- 3 |  4- 6 |  7- 9 || total
-------------------------+-------+-------+-------++-------
Melee: Flail             |    74 |       |       ||    74
       Kick              |    15 |    50 |    89 ||   154
       Whip              |    37 |   197 |   290 ||   524
Throw: Boomerang         |       |    26 |       ||    26
Invok: Heroism           |       |       |     1 ||     1
  Use: Scroll            |       |     6 |     4 ||    10
       Potion            |       |       |     4 ||     4
Armor: Scale mail        |    62 |    60 |    94 ||   216
Dodge: Dodged            |    27 |    44 |    84 ||   155
Block: Kite shield       |    58 |    85 |   132 ||   275
